 Dungeon Crawl Stone Soup version 0.31-a0-879-g1609e0a (webtiles) character file.

Game seed: 15541414452047558522

5525 Meow the Destroyer (level 10, 0/100 HPs)
             Began as a Naga Conjurer on Oct 14, 2023.
             Was an Initiate of Gozag.
             Slain by a vampire (6 damage)
             ... on level 9 of the Dungeon.
             The game lasted 00:25:23 (7895 turns).

Meow the Destroyer (Naga Conjurer)                  Turns: 7895, Time: 00:25:24

Health: 0/100      AC:  6    Str:  9    XL:     10   Next: 70%
Magic:  4/22       EV: 14    Int: 23    God:    Gozag
Gold:   752        SH:  0    Dex: 10    Spells: 13/25 levels left

rFire   . . .        a - +3 scimitar (flame)
rCold   + . .        (no shield)
rNeg    . . .        d - +0 robe
rPois   +            (no helmet)
rElec   .            A - +0 cloak
rCorr   .            u - +0 pair of gloves
SInv    +            (no barding)
Will    +....        (no amulet)
Stlth   ++           z - +5 ring of evasion
HPRegen 0.36/turn    k - ring of protection from cold
MPRegen 0.18/turn

%: no passive effects
@: very slow
A: AC +3, large, see invisible, deformed body, poison resistance, slowness 2,
spit poison 1, naga tail 1
a: Spit Poison, Renounce Religion, Potion Petition, Call Merchant, Bribe Branch


You were on level 9 of the Dungeon.
You worshipped Gozag.
Gozag was pleased with you.
You visited 2 branches of the dungeon, and saw 10 of its levels.
You also visited: Sewer.

You collected 830 gold pieces.
You paid 78 gold pieces to Gozag.

Inventory:

Hand Weapons
 a - a +3 scimitar of flaming (weapon)
Missiles
 f - a curare-tipped dart
 i - 38 stones
 p - 12 poisoned darts
Armour
 d - a +0 robe (worn)
 u - a +0 pair of gloves (worn)
 A - a +0 cloak (worn)
 E - an orb of mayhem
Jewellery
 k - a ring of protection from cold (right hand)
 w - a ring of protection from cold
 z - a +5 ring of evasion (left hand)
Wands
 r - a wand of flame (44)
Scrolls
 c - a scroll of poison
 g - a scroll of fog
 l - 3 scrolls of revelation
 m - 2 scrolls of butterflies
 o - a scroll of brand weapon
 q - 2 scrolls of enchant armour
 v - 2 scrolls of immolation
 y - 2 scrolls of enchant weapon
 C - 2 scrolls of amnesia
Potions
 b - a potion of berserk rage {unknown}
 e - a potion of heal wounds
 h - 4 potions of curing
 j - 2 potions of magic
 n - a potion of haste {unknown}
 s - 2 potions of might
 t - 2 potions of lignification {unknown}
 x - a potion of ambrosia {unknown}
 D - a potion of invisibility {unknown}


   Skills:
 + Level 9.7 Fighting
 - Level 1.5 Dodging
 - Level 3.0 Stealth
 - Level 8.0 Spellcasting
 - Level 10.0 Conjurations


You had 13 spell levels left.
You knew the following spells:

 Your Spells              Type           Power      Damage    Failure   Level
a - Magic Dart            Conj           100%       1d8       1%          1
b - Searing Ray           Conj           100%       2d8       1%          2
f - Fulminant Prism       Conj/Hex       16%        3d10      9%          4
A - Shock                 Conj/Air       100%       1d9       1%          1
B - Iskenderun's Mystic   Conj/Tloc      32%        2d8       9%          4

Your spell library contained the following spells:

 Spells                   Type           Power      Damage    Failure   Level
 Dazzling Flash           Conj/Hex       64%        N/A       2%          3
 Ozocubu's Armour         Ice            9%         N/A       21%         3
 Swiftness                Air            9%         N/A       21%         3
 Fireball                 Conj/Fire      16%        3d8       24%         5
 Airstrike                Air            4%         2d(1-17)  56%         4
 Cause Fear               Hex            4%         N/A       56%         4
 Olgreb's Toxic Radiance  Pois           9%         N/A       56%         4
 Metabolic Englaciation   Hex/Ice        4%         N/A       88%         5
 Discord                  Hex            4%         N/A       100%        8
 Ignition                 Fire           4%         3d4       100%        8
 Dragon's Call            Summ           4%         N/A       100%        9
 Simulacrum               Ice/Necr       Unusable   N/A       N/A         6

Dungeon Overview and Level Annotations

Branches:
Dungeon (9/15)             Temple (1/1) D:5           Sewer (visited)
   Lair: D:8-11         Orc: D:9-12

Altars:
Ashenzari
Cheibriados
Dithmenos
Elyvilon
Fedhas
Gozag
Hepliaklqana
Makhleb
Nemelex Xobeh
Okawaru
Qazlal
Ru
Trog
Uskayaw
Vehumet
Wu Jian
Xom
Zin

Shops:
D:5 *

Annotations:
D:7 Joseph
D:8 3 runed translucent doors, Ozzieoiler's ghost, novice NaIE; poml's ghost, amateur TrSh


Innate Abilities, Weirdness & Mutations

Your serpentine skin is tough. (AC +3)
You have supernaturally acute eyesight. (SInv)
Armour fits poorly on your strangely shaped body.
Your system is resistant to poisons. (rPois)
You cover ground very slowly.
You can spit poison.
You have a snake-like lower body.


Message History

The yak is engulfed in poison gas.
The yak looks even sicker.
The yak is engulfed in poison gas.
The yak looks as sick as possible!
The centaur zaps a wand.
You resist with almost no effort.
Unknown command.
You kill the steam dragon!
The vampire gestures at you while chanting.
You easily resist.
The yak is engulfed in poison gas.
The yak looks as sick as possible!
The yak misses you.
Things that are here:
5 gold pieces; a +0 trident; a +0 robe Unknown command.
You are engulfed in a cloud of scalding steam.
* * * LOW HITPOINT WARNING * * *
The yak is engulfed in poison gas.
The yak looks as sick as possible!
You kill the yak!
The vampire is distracted by your dazzling golden aura.
You see here 5 gold pieces.
Unknown command.
Aiming: Throw Flame
Press: ? - help, Shift-Dir - straight line, f - vampire
Aim: a vampire (severely damaged, slightly transparent, unaware, hasn't noticed you, 68% to hit)
The puff of flame hits the vampire.
The vampire is severely damaged.
The vampire is no longer distracted by gold.
Aiming: Throw Flame
Press: ? - help, Shift-Dir - straight line, f/p - vampire
Aim: a vampire (poison gas, severely damaged, slightly transparent, 68% to hit)
The puff of flame hits the vampire but does no damage.
The vampire is severely damaged.
The vampire draws life force from you!!
* * * LOW HITPOINT WARNING * * *
The vampire is healed by the life force!
Aiming: Throw Flame
Press: ? - help, Shift-Dir - straight line, f/p - vampire
Aim: a vampire (poison gas, moderately damaged, slightly transparent, 68% to hit)
The puff of flame hits the vampire but does no damage.
The vampire is moderately damaged.
The vampire closely misses you. The vampire bites you.
You die...
Your body crumbles into a pile of gold.

#.........# #.........
#........ ###### #####
...$... .....# ##...## ..$..
.....###.....## ...
.........°°...# ####$#
.....#......$☼####.##.######
.........○...oYV@$$.....)....
.........○$...°###..#.#######
............$.## #..#.#
.#.##....°°.c..###..#.#
...........☼$$..o......
....##+###☼...##......# ..#.#
#..#.###....## ....# #c##.#
###..# .. .# #.# .#


You could see a yak (poisoned), a vampire (invisible), a centaur and an orc.

Vanquished Creatures
  Erica (D:8)
  A centaur warrior (D:8)
  A hornet (D:9)
  Grinder (D:5)
  A wyvern (D:7)
  A yak (D:9)
  2 steam dragons
  Edmund (D:5)
  3 water moccasins
  An ice beast (D:5)
  A black bear (D:6)
  2 sky beasts
  An ogre (D:7)
  2 centaurs
  A phantom (D:8)
  9 kobold brigands
  5 scorpions
  2 bullfrogs (D:9)
  4 wights (D:9)
  3 howler monkeys
  A jelly (D:8)
  2 orc priests (D:5)
  2 gnoll boudas (D:7)
  4 hounds
  Natasha (thrice) (D:4)
  3 iguanas
  7 orc wizards
  12 gnolls
  7 adders
  4 river rats
  3 white imps
  6 worms
  3 dart slugs
  16 orcs
  4 ball pythons
  5 bats
  10 endoplasms
  4 giant cockroaches (D:3)
  4 goblins
  4 hobgoblins
  7 jackals
  13 kobolds
  8 quokkas
  2 frilled lizards (D:1)
  4 rats
181 creatures vanquished.

Vanquished Creatures (others)
  A wizard (D:5)
  An orc (D:9)
  A fulminant prism (D:8)
3 creatures vanquished.

Grand Total: 184 creatures vanquished

Notes
Turn   | Place    | Note
-------+----------+-------------------------------------------
     0 | D:1      | Meow the Naga Conjurer began the quest for the Orb.
     0 | D:1      | Reached XP level 1. HP: 15/15 MP: 3/3
     4 | D:1      | You fall into a shaft and drop 1 floor!
   158 | D:2      | Reached XP level 2. HP: 22/22 MP: 3/5
   161 | D:2      | Learned a level 2 spell: Searing Ray
   445 | D:2      | Learned a level 1 spell: Shock
   770 | D:1      | Reached XP level 3. HP: 28/28 MP: 2/6
  1626 | D:3      | Reached XP level 4. HP: 36/36 MP: 8/8
  1695 | D:3      | Found a glowing drain.
  1699 | Sewer    | Entered a sewer
  1722 | Sewer    | Noticed a kobold brigand
  1728 | Sewer    | Killed a kobold brigand
  1729 | Sewer    | Reached skill level 5 in Conjurations
  1729 | Sewer    | Reached XP level 5. HP: 42/42 MP: 3/10
  1905 | Sewer    | Noticed a kobold brigand
  1913 | Sewer    | Killed a kobold brigand
  1914 | Sewer    | Reached XP level 6. HP: 49/49 MP: 3/12
  2082 | Sewer    | Reached skill level 6 in Conjurations
  2213 | Sewer    | Reached XP level 7. HP: 55/55 MP: 7/14
  2276 | Sewer    | Reached skill level 5 in Spellcasting
  2296 | Sewer    | Reached skill level 7 in Conjurations
  2296 | Sewer    | Reached skill level 1 in Fighting
  2301 | Sewer    | Learned a level 4 spell: Fulminant Prism
  2306 | Sewer    | Learned a level 4 spell: Iskenderun's Mystic Blast
  3285 | D:4      | Found an iron altar of Okawaru.
  3497 | D:4      | Noticed Natasha
  3501 | D:4      | Killed Natasha
  3502 | D:4      | Reached XP level 8. HP: 72/72 MP: 11/15
  3634 | D:4      | Noticed Natasha
  3636 | D:4      | Killed Natasha
  3983 | D:5      | Entered Level 5 of the Dungeon
  4118 | D:5      | Reached skill level 5 in Fighting
  4261 | D:5      | Noticed Edmund
  4596 | D:4      | Noticed Natasha
  4601 | D:4      | Killed Natasha
  4716 | D:5      | Killed Edmund
  4765 | D:5      | Found Ceehoopia's General Store.
  4775 | D:5      | Noticed Grinder
  4784 | D:5      | Paralysed by Grinder for 3 turns
  4797 | D:5      | Killed Grinder
  4940 | D:5      | Found a staircase to the Ecumenical Temple.
  5079 | D:5      | Found a bloodstained altar of Trog.
  5113 | Temple   | Entered the Ecumenical Temple
  5136 | Temple   | Became a worshipper of Gozag Ym Sagoz the Greedy
  5167 | D:5      | Reached XP level 9. HP: 88/88 MP: 8/16
  5347 | D:5      | Noticed a wizard
  5350 | D:5      | Killed a wizard
  6002 | D:6      | Reached skill level 8 in Conjurations
  6613 | D:7      | Noticed Joseph
  6971 | D:8      | Reached skill level 9 in Conjurations
  6996 | D:8      | Found a shadowy altar of Dithmenos.
  7024 | D:8      | Found a sparkling altar of Nemelex Xobeh.
  7048 | D:8      | Found a runed translucent gate.
  7048 | D:8      | Found a runed translucent gate.
  7048 | D:8      | Found a runed translucent gate.
  7050 | D:8      | Noticed Ozzieoiler's ghost (novice NaIE)
  7051 | D:8      | Noticed poml's ghost (amateur TrSh)
  7055 | D:8      | Noticed Erica
  7063 | D:8      | Killed Erica
  7064 | D:8      | Reached XP level 10. HP: 65/96 MP: 14/21
  7208 | D:8      | Noticed a centaur warrior
  7219 | D:8      | Killed a centaur warrior
  7220 | D:8      | Reached skill level 10 in Conjurations
  7452 | D:8      | Noticed an angel
  7453 | D:8      | Found a glowing silver altar of Zin.
  7895 | D:9      | Slain by a vampire

Illustrated notes

Levels and vault maps discovered:
D:1:      lemuel_arrival_river_bridge, layout_basic,
          corexii_item_surrounded_by_moat, chequers_serial_rivers_micro_d,
          amethyst_killhole
D:2:      layout_basic
D:3:      layout_basic, gup_sewer_entry_spiral
D:4:      layout_loops_corners, okawaru_gym_becter, minmay_misc_feat_x,
          uniq_natasha
D:5:      layout_cave_pools, trog_wizard, minmay_temple_entry_proselytizer,
          serial_shops, shop, kennysheep_generic_room_3, uniq_grinder,
          uniq_edmund
D:6:      layout_loops_ring
D:7:      layout_loops_ring, minmay_misc_feat_iff, uniq_joseph
D:8:      layout_loops_cross, zin_angel, mainiacjoe_overflow_catwalk,
          grunt_dithmenos_shadows, gammafunk_ghost_cemetery, uniq_erica
D:9:      layout_rooms, nicolae_kikubaaqudgha_miasma_corner,
          overflow_temple_1_default, yredelemnul_forgotten_temple_becter,
          nrook_mini_vaults, minmay_alternating_orb
Temple:   oiseaux_autumnal_temple

Skill      XL: |  1  2  3  4  5  6  7  8  9 10 |
---------------+-------------------------------+-----
Spellcasting   | 3 4 5 7 8 |  8.0
Conjurations   | 5 6 7 9 10 | 10.0
Fighting       | 4 8 9 |  9.7
Dodging        | |  1.5
Stealth        | |  3.0

Action                     |  1- 3 |  4- 6 |  7- 9 | 10-12 || total
---------------------------+-------+-------+-------+-------++-------
  Melee: Dagger            |       |       |     5 |       ||     5
   Fire: Sling             |     6 |     9 |       |       ||    15
   Cast: Magic Dart        |    38 |       |    17 |     3 ||    58
         Searing Ray       |     3 |    15 |    90 |    12 ||   120
         Iskenderun's Myst |       |       |       |     1 ||     1
         Fulminant Prism   |       |       |       |     1 ||     1
Ability: Spit Poison       |    19 |    10 |    58 |     5 ||    92
  Evoke: Wand              |       |       |       |     3 ||     3
    Use: Scroll            |     2 |       |    14 |     2 ||    18
         Potion            |       |       |     1 |       ||     1
 Armour: Robe              |     5 |     3 |    51 |    45 ||   104
  Dodge: Dodged            |     2 |     8 |    61 |    44 ||   115

Table legend: (Time is in decaauts)
 A = Elapsed time spent in this place.
 B = Non-inter-level travel time spent in this place.
 C = Inter-level travel time spent in this place.
 D = Time resting spent in this place.
 E = Time spent auto-exploring this place.
 F = Levels seen in this place.
 G = Mean time per level.
                   A        B        C        D        E       F      G
               +--------+--------+--------+--------+--------+-----+--------+
         Total |  10017 |   9491 |    526 |   1789 |   5954 |  11 |  910.6 |
       Dungeon |   8828 |   8364 |    464 |   1530 |   5446 |   9 |  980.9 |
        Temple |     64 |      3 |     61 |      0 |      0 |   1 |   64.0 |
         Sewer |   1124 |   1124 |      0 |    259 |    507 |   1 | 1124.0 |
               +--------+--------+--------+--------+--------+-----+--------+

Top non-repeatable levels by time:
     D:4: 1611 daAuts
     D:8: 1224 daAuts
     D:5: 1213 daAuts
     D:1: 1153 daAuts
   Sewer: 1124 daAuts
     D:6: 970 daAuts
     D:3: 931 daAuts
     D:2: 827 daAuts
     D:7: 701 daAuts
     D:9: 194 daAuts
  Temple: 64 daAuts
